AoeStats
← TheKingOfFire

Arabia

509499188Analyzed
1v1 RM · 6d ago on Sep 27, 2026· 63m 14s· 2 players
Game mode
Random Map
Map size
Tiny (2 player)
Population
200
Speed
Normal
Resources
Standard
Victory
Conquest
Starting age
Dark Age
Ending age
Imperial Age
RankedLock teamsTeams togetherTeam positionsShared explorationLock speedFull tech treeHidden civsTurbo modeCheats
Victory
Defeat
🇨🇱 Khmer · Chile
265
+20
🇨🇱 Britons · Chile
346
-20
TheKingOfFire
14:55 Feudal Age
19:24 Bloodlines
20:37 Town Watch
21:29 Wheelbarrow
23:51 Fletching
24:04 Padded Archer Armor
24:31 Double-Bit Axe
25:02 Scale Barding Armor
25:08 Forging
26:27 Horse Collar
31:03 Castle Age
31:22 Crossbowman
31:27 Light Cavalry
32:08 Husbandry
33:28 Fervor
33:35 Fervor
35:04 Heavy Plow
35:17 Bow Saw
35:01 Stone Mining
35:02 Gold Mining
40:02 Town Patrol
45:07 Imperial Age
44:49 Stone Shaft Mining
44:54 Leather Archer Armor
44:39 Bodkin Arrow
45:08 Ballistics
44:45 Murder Holes
46:53 Arbalester
47:19 Onager
47:38 Hussar
48:54 Conscription
50:24 Chemistry
53:54 Gold Shaft Mining
Quasar
9:52 Loom
14:07 Feudal Age
14:40 Horse Collar
14:49 Double-Bit Axe
16:23 Wheelbarrow
16:25 Gold Mining
18:31 Stone Mining
20:09 Forging
20:00 Scale Mail Armor
19:51 Fletching
20:02 Padded Archer Armor
24:13 Castle Age
25:28 Bow Saw
25:25 Heavy Plow
26:05 Gold Shaft Mining
26:51 Iron Casting
28:58 Yeomen
33:37 Imperial Age
32:27 Hand Cart
32:19 Town Watch
33:06 Elite Skirmisher
36:58 Chemistry
36:25 Ballistics
36:25 Chain Mail Armor
36:31 Pikeman
37:12 Squires
36:59 Gambesons
37:00 Arson
39:15 Two-Man Saw
39:04 Conscription
39:14 Town Patrol
41:06 Warwolf
43:30 Elite Longbowman
44:28 Halberdier
45:09 Treadmill Crane
45:25 Murder Holes
51:09 Man-at-Arms
59:22 Long Swordsman
61:20 Two-Handed Swordsman
Connection lost

Rejoining the realm…

Still unreachable

The connection could not be restored.

Session expired

The server has moved on; the page needs a fresh start.